 Dungeon Crawl Stone Soup version 0.30-a0-1161-g0704695555 (webtiles) character file.

Game seed: 7541695630659565454

8101 hwolsky the Cleaver (level 11, -17/97 HPs)
             Began as a Minotaur Fighter on Apr 26, 2023.
             Was a High Priest of Okawaru.
             Demolished by a komodo dragon (18 damage)
             ... on level 1 of the Lair of Beasts on Apr 27, 2023.
             The game lasted 00:23:00 (8441 turns).

hwolsky the Cleaver (Minotaur Fighter)              Turns: 8441, Time: 00:23:02

Health: -17/97     AC: 19    Str: 25    XL:     11   Next: 5%
Magic:  0/13       EV:  7    Int:  5    God:    Okawaru [*****.]
Gold:   243        SH:  6    Dex: 10    Spells: 10/10 levels left

rFire   . . .        g - +2 war axe (heavy)
rCold   . . .        c - +0 buckler
rNeg    . . .        A - +0 plate armour
rPois   .            H - +0 hat
rElec   .            m - +0 cloak
rCorr   +            h - +2 pair of gloves
SInv    .            (no boots)
Will    +....        j - amulet of guardian spirit Stlth
                     k - ring of resist corrosion
HPRegen 0.36/turn    D - ring of willpower
MPRegen 0.13/turn

%: guardian spirit
@: no status effects
A: horns 2, retaliatory headbutt
a: Renounce Religion, Heroism, Finesse, Duel


You were on level 1 of the Lair of Beasts.
You worshipped Okawaru.
Okawaru was extremely pleased with you.
You visited 3 branches of the dungeon, and saw 10 of its levels.
You also visited: Ossuary.

You collected 556 gold pieces.
You spent 313 gold pieces at shops.

Inventory:

Hand Weapons
 a - a +0 war axe
 g - a +2 heavy war axe (weapon)
Missiles
 t - 3 poisoned darts (quivered)
 J - 9 boomerangs
Armour
 c - a +0 buckler (worn)
 h - a +2 pair of gloves (worn)
 m - a +0 cloak (worn)
 A - a +0 plate armour (worn)
 H - a +0 hat (worn)
Jewellery
 j - an amulet of guardian spirit (around neck)
 k - a ring of resist corrosion (left hand)
 n - the ring "Xeru" {Wiz Drain rElec Int+9 Stlth+}
   (You took it off a kobold on level 4 of the Dungeon)

   [ring of wizardry]

   It improves your spell success rate.
   Int:       It affects your intelligence (+9).
   rElec:     It insulates you from electricity.
   Drain:     It drains your maximum health when unequipped.
   Stlth:     It makes you more stealthy.
 C - an amulet of faith
 D - a ring of willpower (right hand)
 L - a ring of protection from fire
Wands
 s - a wand of mindburst (26)
 w - a wand of roots (14)
 z - a wand of flame (8)
 I - a wand of quicksilver (19)
Scrolls
 e - a scroll of amnesia
 f - 4 scrolls of teleportation
 l - 10 scrolls of identify
 p - a scroll of fear
 y - a scroll of fog
 E - a scroll of enchant weapon
 F - a scroll of blinking {unknown}
 G - a scroll of enchant armour
 K - a scroll of torment {unknown}
Potions
 b - 4 potions of brilliance
 d - a potion of might
 i - 4 potions of invisibility
 o - 3 potions of cancellation
 q - 3 potions of resistance
 r - 2 potions of ambrosia
 u - 4 potions of flight
 v - a potion of lignification
 x - 2 potions of mutation
 B - a potion of berserk rage


   Skills:
 + Level 9.5 Fighting
 * Level 12.5 Axes
 + Level 0.8 Throwing
 + Level 9.5 Armour
 + Level 9.5 Shields
 - Level 5.0 Invocations


You had 10 spell levels left.
You didn't know any spells.
Your spell library contained the following spells:

 Spells                   Type           Power      Damage    Failure   Level
 Magic Dart               Conj           0%         1d3       100%        1
 Cigotuvi's Dreadful Rot  Necr/Pois/Air  0%         N/A       100%        2
 Lesser Beckoning         Tloc           0%         N/A       100%        2
 Searing Ray              Conj           0%         2d4       100%        2
 Gell's Gravitas          Tloc           0%         N/A       100%        3
 Ignite Poison            Fire/Tmut/Pois 0%         N/A       100%        3
 Teleport Other           Tloc           0%         N/A       100%        3
 Fulminant Prism          Conj/Hex       0%         3d5       100%        4
 Freezing Cloud           Conj/Ice/Air   0%         6-21      100%        5
 Dispersal                Tloc           0%         N/A       100%        6


Dungeon Overview and Level Annotations

Branches:
Dungeon (8/15)             Temple (1/1) D:6            Lair (1/5) D:8
Ossuary (visited)

Altars:
Ashenzari
Cheibriados
Dithmenos
Elyvilon
Fedhas
Gozag
Hepliaklqana
Kikubaaqudgha
Makhleb
Nemelex Xobeh
Okawaru
Qazlal
Ru
Sif Muna
Uskayaw
Wu Jian
Xom
Yredelemnul
Zin
The Shining One

Shops:
D:1 =*   D:4 ?*   D:6 *


Innate Abilities, Weirdness & Mutations

You have a pair of horns on your head.
You reflexively headbutt those who attack you in melee.


Message History

The ice beast hits you but does no damage.
You miss Fannar. Your headbutt misses Fannar. You slice the ice beast!!
You kill the ice beast!
The ice beast disappears in a puff of smoke!
Fannar hits you but does no damage. Fannar freezes you!
Fannar hits you but does no damage. Fannar freezes you!
You closely miss Fannar.
Fannar says, "Freeze!"
Fannar hits you with a staff of cold. Fannar freezes you!
You slice Fannar!!
Fannar is heavily wounded.
Fannar barely misses you. You furiously retaliate!
You headbutt Fannar. Fannar hits you but does no damage. Fannar freezes you.
You closely miss Fannar. Your headbutt misses Fannar.
Fannar is heavily wounded.
You closely miss the komodo dragon. The komodo dragon bites you!
Fannar hits you but does no damage. Fannar freezes you.
You closely miss Fannar.
Fannar is heavily wounded.
You hit the komodo dragon. The komodo dragon bites you!
Fannar brushes some snowflakes from their robe.
Fannar hits you with a staff of cold. Fannar freezes you.
* * * LOW HITPOINT WARNING * * *
You block the komodo dragon's attack.
Okay, then.
You slash Fannar! Your headbutt misses Fannar.
Fannar is severely wounded.
You barely miss the komodo dragon. Fannar hits you but does no damage.
Fannar freezes you!
* * * LOW HITPOINT WARNING * * *
The komodo dragon bites you but does no damage.
You block Fannar's attack.
You chop Fannar into pieces!!!
You kill Fannar!
Okawaru accepts your kill.
You hit the komodo dragon but do no damage.
The komodo dragon bites you!
* * * LOW HITPOINT WARNING * * *
The komodo dragon bites you!!
You die...

#...?# #....# #. ..
#....# #....# #.
..##....#####....# ##.
.................# #P.
......>..........# ##.
..>...............#####.
.......†................
..##..$.#####...........
. #..|@.# #...........
#.^..l## #...........
...#....# .....#####..
..##....# ....# ##. ..
#....# #. #....# #.
#.!..# #. #....#


You could see a komodo dragon.

Vanquished Creatures
  Fannar (Lair:1)
  A two-headed ogre (D:8)
  A black mamba (Lair:1)
  A cane toad (Lair:1)
  A troll (D:8)
  2 wyverns (Lair:1)
  9 yaks
  Eustachio (D:5)
  2 steam dragons
  4 water moccasins
  An ice beast (D:6)
  3 orc warriors
  2 black bears
  2 ogres
  9 wolves (Lair:1)
  2 centaurs
  2 phantoms
  7 bullfrogs
  8 scorpions
  An elf zombie (Ossuary)
  6 killer bees (D:7)
  3 howler monkeys
  2 hounds (D:5)
  2 quasits (D:8)
  3 jellies (D:5)
  4 orc priests (D:5)
  Natasha (twice) (D:3)
  5 iguanas
  9 orc wizards
  2 hound zombies (Ossuary)
  3 mummies (Ossuary)
  15 gnolls
  4 adders
  A shadow imp (D:5)
  4 white imps
  3 ufetubi
  3 adder zombies (Ossuary)
  A worm (D:2)
  41 orcs
  9 ball pythons
  6 endoplasms
  6 giant cockroaches
  3 gnoll zombies (Ossuary)
  5 goblins
  8 hobgoblins
  4 kobolds
  3 quokkas
  5 bats (D:2)
  7 frilled lizards
  2 goblin zombies (Ossuary)
  4 hobgoblin zombies (Ossuary)
  4 jackal zombies (Ossuary)
  2 kobold zombies (Ossuary)
  3 orc zombies (Ossuary)
  9 quokka zombies (Ossuary)
  4 rats
  2 rat zombies (Ossuary)
259 creatures vanquished.

Vanquished Creatures (others)
  An orc wizard (D:6)
  An orc (D:6)
  2 demonic plants (D:8)
  11 fungi
  11 plants
26 creatures vanquished.

Grand Total: 285 creatures vanquished

Notes
Turn   | Place    | Note
-------+----------+-------------------------------------------
     0 | D:1      | hwolsky the Minotaur Fighter began the quest for the Orb.
     0 | D:1      | Reached XP level 1. HP: 19/19 MP: 0/0
   157 | D:1      | Found Susan's Jewellery Boutique.
   283 | D:1      | Reached XP level 2. HP: 26/27 MP: 1/1
   336 | D:1      | Found Apu Siod's Assorted Antiques.
   361 | D:1      | Bought 2 murky coppery potions for 45 gold pieces
   444 | D:1      | Reached skill level 3 in Axes
   741 | D:2      | Identified the +0 ring mail "Gidileq" {rPois rF+ rN+}
   938 | D:2      | Reached XP level 3. HP: 30/33 MP: 2/2
  1056 | D:2      | Noticed a scorpion
  1059 | D:2      | Killed a scorpion
  1060 | D:2      | Reached skill level 4 in Axes
  1060 | D:2      | Reached XP level 4. HP: 41/41 MP: 3/3
  1061 | D:2      | Reached XP level 5. HP: 47/47 MP: 4/4
  1785 | D:3      | Reached skill level 5 in Axes
  2208 | D:3      | Noticed Natasha
  2214 | D:3      | Killed Natasha
  2215 | D:3      | Reached skill level 5 in Armour
  2215 | D:3      | Reached XP level 6. HP: 55/55 MP: 5/5
  2274 | D:3      | Noticed Natasha
  2281 | D:3      | Killed Natasha
  2282 | D:3      | Reached skill level 5 in Fighting
  2525 | D:4      | Reached skill level 5 in Shields
  2564 | D:4      | Found Izoacili's General Store.
  2565 | D:4      | Found Maitam's Specific Store.
  2577 | D:4      | Bought a scroll of teleportation for 36 gold pieces
  2665 | D:4      | Found Gufojel's Magic Scroll Shoppe.
  2669 | D:4      | Bought a scroll of identify for 20 gold pieces
  2669 | D:4      | Bought a scroll of identify for 20 gold pieces
  2669 | D:4      | Bought a scroll of identify for 20 gold pieces
  2813 | D:4      | Reached skill level 6 in Axes
  2813 | D:4      | Reached XP level 7. HP: 26/61 MP: 3/6
  3114 | D:4      | Found a sacrificial altar of Ru.
  3209 | D:4      | Identified the ring "Xeru" {Wiz Drain rElec Int+9 Stlth+}
  3402 | D:1      | Bought 2 golden potions for 45 gold pieces
  3402 | D:1      | Bought a fizzy ruby potion for 22 gold pieces
  3508 | D:5      | Entered Level 5 of the Dungeon
  3544 | D:5      | Noticed Eustachio
  3549 | D:5      | Killed Eustachio
  3595 | D:5      | Reached skill level 7 in Axes
  3638 | D:5      | Found an iron altar of Okawaru.
  3675 | D:5      | Became a worshipper of Warmaster Okawaru
  3823 | D:5      | Found a sand-covered staircase.
  3831 | Ossuary  | Entered an ossuary
  3885 | Ossuary  | Reached XP level 8. HP: 70/70 MP: 5/7
  4079 | Ossuary  | Upgraded the game from 0.30-a0-1160-g6e42c06551 to
                  | 0.30-a0-1161-g0704695555
  4118 | D:5      | Reached skill level 8 in Axes
  4498 | D:5      | Reached * piety under Okawaru
  4714 | D:5      | Found a shimmering blue altar of Sif Muna.
  4771 | D:6      | Found a staircase to the Ecumenical Temple.
  4788 | Temple   | Entered the Ecumenical Temple
  5009 | D:6      | Reached skill level 1 in Invocations
  5087 | D:6      | Reached skill level 9 in Axes
  5087 | D:6      | Reached XP level 9. HP: 58/79 MP: 5/9
  5337 | D:6      | Found a glowing silver altar of Zin.
  5382 | D:6      | Reached ** piety under Okawaru
  5456 | D:6      | Found Puroliuc's General Store.
  5467 | D:6      | Bought a scroll of enchant armour for 105 gold pieces
  5537 | D:6      | Found a broken altar of Ashenzari.
  5543 | D:6      | Found a white marble altar of Elyvilon.
  5546 | D:6      | Found a shimmering altar of Xom.
  5955 | D:7      | Found an ornate altar of the Wu Jian Council.
  6143 | D:7      | Reached skill level 10 in Axes
  6662 | D:8      | Noticed a two-headed ogre
  6675 | D:8      | Killed a two-headed ogre
  6675 | D:8      | Reached *** piety under Okawaru
  6676 | D:8      | Reached XP level 10. HP: 36/89 MP: 2/11
  6787 | D:8      | Reached skill level 11 in Axes
  6903 | D:8      | Reached **** piety under Okawaru
  7131 | D:8      | Found a staircase to the Lair.
  7441 | Lair:1   | Entered Level 1 of the Lair of Beasts
  7505 | Lair:1   | Noticed a cane toad
  7511 | Lair:1   | Killed a cane toad
  7923 | Lair:1   | Reached skill level 12 in Axes
  8024 | Lair:1   | Reached ***** piety under Okawaru
  8027 | Lair:1   | Reached skill level 5 in Invocations
  8222 | Lair:1   | Noticed a black mamba
  8228 | Lair:1   | Killed a black mamba
  8229 | Lair:1   | Reached XP level 11. HP: 62/97 MP: 9/13
  8428 | Lair:1   | Noticed Fannar
  8441 | Lair:1   | Killed Fannar
  8441 | Lair:1   | HP: 1/97 [komodo dragon (14)]
  8441 | Lair:1   | Demolished by a komodo dragon

Illustrated notes

Levels and vault maps discovered:
D:1:      dpeg_arrival_prison, layout_basic, serial_shops,
          nicolae_shop_gaudy_bauble, nicolae_shop_real_fake_doors
D:2:      layout_basic, minmay_misc_feat_four_crosses, minmay_crystal_water,
          minmay_joined_circles
D:3:      layout_loops_ring, kennysheep_nub, uniq_natasha
D:4:      layout_basic, nicolae_ru_great_annihilating_truth, serial_shops,
          nicolae_shop_rolled_up, nicolae_specific_store
D:5:      layout_loops_corners, mainiacjoe_overflow_boulevard,
          nicolae_sif_muna_little_library, enter_ossuary_1, uniq_eustachio
D:6:      layout_cave_pools, minmay_overflow_temple_star_quad, zin_statuary,
          minmay_temple_entry_statues_fountains, serial_shops, shop,
          st_stairs_13, kennysheep_potato
D:7:      layout_basic, kennysheep_little_box, minivault_23
D:8:      layout_cave_pools, grunt_lair_entry_orc_guard_hut, serial_demonic,
          serial_demonic_g, serial_demonic_f, serial_demonic_f, serial_demonic_a
Temple:   hc_temple_tempest_star
Lair:1:   dreamdust_isle_of_ice, layout_long_grid,
          chequers_serial_rivers_micro_e, uniq_fannar, uniq_maggie

Skill      XL: |  1  2  3  4  5  6  7  8  9 10 |
---------------+-------------------------------+-----
Axes           | 3 4 5 6 7 9 10 12 | 12.5
Armour         | 4 5 6 7 8 9 |  9.5
Fighting       | 4 5 6 7 8 9 |  9.5
Shields        | 4 5 6 7 8 9 |  9.5
Invocations    | 1 3 5 |  5.0
Throwing       | |  0.8

Action                     |  1- 3 |  4- 6 |  7- 9 | 10-12 || total
---------------------------+-------+-------+-------+-------++-------
  Melee: War axe           |    47 |    63 |   235 |    99 ||   444
         Headbutt          |     1 |     6 |    35 |    20 ||    62
  Throw: Dart              |     1 |       |     3 |       ||     4
 Invoke: Heroism           |       |       |     2 |     1 ||     3
    Use: Scroll            |     8 |     4 |     8 |       ||    20
         Potion            |     2 |       |     1 |       ||     3
   Stab: Paralysed         |       |       |     1 |       ||     1
 Armour: Chain mail        |    16 |       |       |       ||    16
         Ring mail         |    19 |    36 |    53 |       ||   108
         Plate armour      |       |       |   143 |    69 ||   212
  Dodge: Dodged            |    30 |    46 |   134 |    56 ||   266
  Block: Buckler           |    17 |    15 |    90 |    35 ||   157

Table legend: (Time is in decaauts)
 A = Elapsed time spent in this place.
 B = Non-inter-level travel time spent in this place.
 C = Inter-level travel time spent in this place.
 D = Time resting spent in this place.
 E = Time spent auto-exploring this place.
 F = Levels seen in this place.
 G = Mean time per level.
                   A        B        C        D        E       F      G
               +--------+--------+--------+--------+--------+-----+--------+
         Total |   8732 |   8155 |    577 |    242 |   5665 |  11 |  793.8 |
       Dungeon |   7192 |   6629 |    563 |    207 |   4649 |   8 |  899.0 |
        Temple |    200 |    186 |     14 |      0 |    176 |   1 |  200.0 |
          Lair |   1023 |   1023 |      0 |     35 |    760 |   1 | 1023.0 |
       Ossuary |    315 |    315 |      0 |      0 |     80 |   1 |  315.0 |
               +--------+--------+--------+--------+--------+-----+--------+

Top non-repeatable levels by time:
     D:2: 1152 daAuts
  Lair:1: 1023 daAuts
     D:5: 1009 daAuts
     D:4: 901 daAuts
     D:8: 892 daAuts
     D:7: 874 daAuts
     D:3: 849 daAuts
     D:6: 790 daAuts
     D:1: 722 daAuts
 Ossuary: 315 daAuts
  Temple: 200 daAuts
